 Dungeon Crawl Stone Soup version 0.27-a0-1232-gc6a4cbde82 (webtiles) character file.

Game seed: 7198319077532645438

360978 grindst0ne the Peltast (level 23, -7/168 HPs)
             Began as a Djinni Gladiator on June 7, 2021.
             Was an Initiate of Gozag.
             Mangled by a hell knight
             ... wielding a +2 demon trident
              (11 damage)
             ... while paralysed by a floating eye
             ... on level 3 of the Depths on June 8, 2021.
             The game lasted 02:06:37 (54398 turns).

grindst0ne the Peltast (Djinni Gladiator)          Turns: 54398, Time: 02:06:38

Health: -7/168     AC: 19    Str: 24    XL:     23   Next: 48%
Gold:   12427      EV:  2    Int: 18    God:    Gozag SH:  0 Dex: 16

rFire    + . .     SeeInvis +   y - +8 mithril axe "Arga" {speed, Will+}
rCold    + + +     Faith    .   I - +0 tower shield "Rusi" {SInv}
rNeg     + + +     Spirit   .   a - +0 ice dragon scales
rPois    ∞         Reflect  .   T - +2 helmet of Gicinny {rN++}
rElec    .         Harm     .   N - +2 cloak
rCorr    .         Rampage  .   H - +0 pair of gloves
Will     ++++.                  (boots unavailable)
Stlth    ..........             d - amulet "Uchuic" {rC+ rN+ Regen+ Stlth-}
HPRegen  1.38/turn              g - ring of protection from cold
MPRegen  0.00/turn              B - ring "Anuurghe" {rPois Will+ Str+4 Int+6 Stlth+}

@: paralysed, corroded, gold aura, flying
A: sickness immunity, fire resistance 2, cold vulnerability 1, float, innate
caster, hp casting, extra vitality 1
}: 2/15 runes: decaying, gossamer
a: Renounce Religion, Potion Petition, Call Merchant, Bribe Branch


You were on level 3 of the Depths.
You worshipped Gozag.
Gozag was extremely pleased with you.
You visited 7 branches of the dungeon, and saw 38 of its levels.
You also visited: Sewer, Ossuary and Gauntlet.

You collected 17763 gold pieces.
You spent 3805 gold pieces at shops.
You paid 1531 gold pieces to Gozag.

Inventory:

Hand Weapons
 y - the +8 mithril axe "Arga" (weapon) {speed, Will+}
   (You took it off a minotaur in a Gauntlet)

   Attacks with this weapon are significantly faster.
   It increases your willpower.
 W - a +2 scimitar of flaming
Missiles
 b - 19 curare-tipped darts (quivered)
 L - 2 throwing nets
Armour
 a - +0 ice dragon scales (worn)
 i - the +0 plate armour of Sin {Contam Harm Fly rF-}
   (You found it on level 4 of the Vaults)

   It makes you vulnerable to fire.
   It grants you flight.
   It causes magical contamination when unequipped.
   It increases damage dealt and taken.
 H - a +0 pair of gloves (worn)
 I - the +0 tower shield "Rusi" (worn) {SInv}
   (You bought it in a shop on level 2 of the Orcish Mines)

   It lets you see invisible.
 N - a +2 cloak (worn)
 O - a +1 tower shield of poison resistance
 T - the +2 helmet of Gicinny (worn) {rN++}
   (You found it on level 4 of the Swamp)

   It greatly protects you from negative energy.
Jewellery
 c - a ring of ice
 d - the amulet "Uchuic" (around neck) {rC+ rN+ Regen+ Stlth-}
   (You found it on level 2 of the Swamp)

   [amulet of regeneration]

   It protects you from cold.
   It protects you from negative energy.
   It increases your rate of health regeneration.
   It makes you less stealthy.
 g - a ring of protection from cold (left hand)
 s - the ring of the Griffon {rCorr Int+3}
   (You found it on level 4 of the Lair of Beasts)

   [ring of resist corrosion]

   It affects your intelligence (+3).
   It protects you from acid and corrosion.
 B - the ring "Anuurghe" (right hand) {rPois Will+ Str+4 Int+6 Stlth+}
   (You took it off a spriggan rider on level 1 of the Swamp)

   [ring of intelligence]

   It affects your strength (+4).
   It affects your intelligence (+6).
   It protects you from poison.
   It increases your willpower.
   It makes you more stealthy.
 J - a ring of see invisible
 R - the ring of Sohario {Will+ Str+2}
   (You found it on level 1 of the Depths)

   [ring of willpower]

   It affects your strength (+2).
   It increases your willpower.
Wands
 e - a wand of charming (14)
 k - a wand of acid (4)
 t - a wand of mindburst (4)
 v - a wand of paralysis (12)
 G - a wand of digging (16)
 P - a wand of flame (99)
 Y - a wand of polymorph (13)
Scrolls
 h - 11 scrolls of enchant armour
 j - 2 scrolls of silence
 l - 3 scrolls of brand weapon
 m - 8 scrolls of teleportation
 n - 7 scrolls of blinking
 o - 10 scrolls of magic mapping
 p - 4 scrolls of holy word
 q - 13 scrolls of enchant weapon
 E - 3 scrolls of summoning
 F - 4 scrolls of fog
 Q - a scroll of fear
 V - 13 scrolls of identify
 X - 6 scrolls of immolation
Potions
 f - 8 potions of curing
 r - 3 potions of haste
 u - a potion of might
 w - a potion of invisibility
 x - 10 potions of brilliance
 A - 8 potions of mutation
 C - 6 potions of cancellation
 D - 5 potions of attraction
 K - 4 potions of ambrosia
 M - 2 potions of resistance
 S - a potion of berserk rage
Miscellaneous
 z - a piece from Xom's chessboard (15/15)
 U - a box of beasts
 Z - a box of beasts


   Skills:
 + Level 15.8 Fighting
 - Level 10.8 Long Blades
 - Level 18.0 Axes
 - Level 1.5 Throwing
 + Level 13.4 Armour
 + Level 13.8 Dodging
 - Level 20.0 Shields
 - Level 6.0 Evocations


You couldn't memorise any spells.
You knew the following spells:

 Your Spells              Type           Power      Damage    Failure   Level
a - Shock                 Conj/Air       0%         1d3       67%         1
b - Call Imp              Summ           0%         N/A       80%         2
c - Slow                  Hex            0%         N/A       80%         2
d - Iskenderun's Mystic   Conj/Tloc      0%         2d3       100%        4
e - Hydra Form            Tmut           0%         N/A       100%        5
f - Lightning Bolt        Conj/Air       0%         1d11      100%        5
g - Blade Hands           Tmut           0%         N/A       100%        6
h - Starburst             Conj/Fire      0%         8x6d3     100%        6
i - Monstrous Menagerie   Summ           0%         N/A       100%        7
j - Ignition              Fire           0%         3d3       100%        8
k - Summon Hydra          Summ           0%         N/A       100%        7
Your spell library was empty.


Dungeon Overview and Level Annotations

Branches:
Dungeon (15/15)            Temple (0/1) D:7            Lair (6/6) D:9
  Swamp (4/4) Lair:3       Spider (4/4) Lair:4        Slime (0/5) Lair:6
    Orc (2/2) D:9             Elf (0/3) Orc:2        Vaults (4/5) D:13
  Crypt (0/3) Vaults:3     Depths (3/5) D:15          Sewer (visited)
Ossuary (visited)         Gauntlet (visited)

Altars:
Ashenzari
Fedhas
Gozag
Hepliaklqana
Okawaru
Qazlal
Sif Muna
Trog
Uskayaw
Xom
Yredelemnul
Zin
The Shining One
Beogh

Shops:
D:5 ?   D:8 (   D:12 :   D:14 ?(   Orc:2 [([=*   Vaults:1 =

Portals:
Hell: Depths:1
Abyss: Depths:1
Bazaar: Vaults:1
Trove: D:11 (give 3 potions of resistance)

Annotations:
D:1 exclusion: downstairs
Vaults:1 1 runed translucent door, Onuingi's ghost, adept DrWn


Innate Abilities, Weirdness & Mutations

You are immune to sickness and miasma.
You are immune to poison.
Your flesh is very heat resistant. (rF++)
You are vulnerable to cold. (rC-)
You float through the air rather than walking.
You learn spells naturally, not from books.
Your magical power is your life essence.
You have superior vitality. (+4 HP)


Message History

You are too injured to fight recklessly!
You are too injured to fight recklessly!
You are too injured to fight recklessly!
You are too injured to fight recklessly!
You are too injured to fight recklessly!
You are too injured to fight recklessly!
You are too injured to fight recklessly!
You are too injured to fight recklessly!
You block the hell knight's attack.
A floating eye comes into view.
Items here: $ ) ? [.
You completely miss the hell knight.
The hell knight hits you but does no damage.
You closely miss the hell knight.
The hell knight hits you with a +2 demon trident!!
You slice the hell knight!!
The hell knight is moderately wounded.
The floating eye's view fixates on you. You block the hell knight's attack.
You slash the hell knight!
The hell knight is heavily wounded.
You slice the hell knight!!
The hell knight is almost dead.
The hell knight casts a spell at you. The bolt of fire hits you! You resist.
* * * LOW HITPOINT WARNING * * *
The floating eye gazes piercingly through you!
You suddenly lose the ability to move!
The stone giant shouts!
The hell knight mumbles some strange words.
The hell knight blinks!
The floating eye's view fixates on you.
The stone giant throws a large rock.
The large rock hits you!!
* * * LOW HITPOINT WARNING * * *
The hell knight hits you but does no damage.
The hell knight hits you from afar with a +2 demon trident!
* * * LOW HITPOINT WARNING * * *
The hell knight hits you from afar with a +2 demon trident!
You die...
Your body crumbles into a pile of gold.

....p..#......#....#
#....#()......≈..#
#..8$8......≈.##
##..<..C.......#
##8.8..........
##..#....##..
####.....###
##..G$..## #.#@....#
###)....# ##$p...##
##......# #....).##
###....# ######


You could see a stone giant, a hell knight (fast) and a floating eye (charged).

Vanquished Creatures
  Jory (Vaults:4)
  Jorgrun (Spider:1)
  A lich (Depths:1)
  3 thorn hunters
  2 tengu reavers
  2 fenstrider witches (Swamp:3)
  2 fire giants
  13 vault wardens
  3 orc warlords
  4 emperor scorpions (Spider:4)
  2 ghouls (Swamp:2)
  3 ghost moths (Spider:4)
  A hydra zombie (Swamp:4)
  2 reapers (Depths:1)
  9 very ugly things
  4 stone giants
  23 ironbound preservers
  2 vampire knights (Swamp:4)
  A minotaur (Gauntlet)
  9 bunyips
  6 entropy weavers
  5 dire elephants
  A deep elf death mage (Depths:3)
  3 spark wasps
  3 ettins
  2 eleionomae
  3 shambling mangroves (Swamp:4)
  A merfolk javelineer (Depths:1)
  9 great orbs of eyes
  Josephine (D:10)
  A merfolk impaler (Depths:1)
  9 yaktaur captains
  8 ironbound thunderhulks
  A fire dragon (Lair:6)
  7 vault guards
  A rakshasa (Depths:1)
  6 ghost crabs
  23 hydras
  A peacekeeper (Vaults:3)
  2 ice dragons (Depths:1)
  2 ogre magi
  7 ironbound frosthearts
  A hell beast (Depths:1)
  4 boulder beetles
  7 centaur warriors
  7 death yaks
  2 catoblepae
  Erica (D:8)
  A death knight (D:14)
  7 two-headed ogres
  A deep troll shaman (Depths:1)
  11 alligators
  7 ironbound beastmasters
  3 hell hogs (Depths:1)
  An orc high priest (Orc:2)
  5 tengu warriors
  2 hell knights
  2 soul eaters (Depths:1)
  3 sun demons (Depths:1)
  A titan skeleton (Depths:1)
  3 iron trolls (Depths:1)
  6 skeletal warriors (Vaults:3)
  5 goliath frogs
  8 swamp dragons
  69 deep trolls
  8 spriggan druids
  10 ironbound convokers
  8 bog bodies
  4 phantasmal warriors
  4 spectral hydras (Swamp:4)
  Pikel (D:9)
  10 wizards
  4 necromancers
  2 deep elf pyromancers
  9 lindwurms
  10 orc knights
  19 orb spiders
  31 wolf spiders
  4 oklob plants
  A stone giant zombie (Vaults:3)
  A shadow dragon skeleton (Vaults:3)
  9 cyclopes
  4 orc sorcerers
  3 will-o-the-wisps (Swamp:3)
  A frost giant zombie (Vaults:3)
  6 manticores
  48 ugly things
  2 sphinx skeletons (Vaults:3)
  2 moths of wrath
  6 elephants (Lair:6)
  Maurice (D:8)
  2 black mambas
  17 vault sentinels
  A fire giant skeleton (Depths:1)
  3 torpor snails
  A gargoyle (D:10)
  A naga mage (D:15)
  2 stone giant skeletons (Vaults:3)
  A frost giant skeleton (Vaults:3)
  A molten gargoyle (Lair:3)
  13 cane toads
  2 smoke demons (Depths:1)
  10 komodo dragons
  Maggie (D:7)
  17 yaktaurs
  11 demonic crawlers
  2 unseen horrors
  An efreet (D:14)
  5 rime drakes
  A kobold demonologist (D:12)
  A redback zombie (D:15)
  A jumping spider (shapeshifter) (D:15)
  7 tengu conjurers
  6 meliai
  2 yaktaur skeletons (Vaults:3)
  20 jumping spiders
  3 death drake zombies (Swamp:4)
  4 human skeletons (Vaults:3)
  5 polar bears
  2 bloated husks (Swamp:2)
  24 hornets
  A hydra skeleton (Swamp:4)
  3 trolls
  5 tyrant leeches
  41 slime creatures
  Grinder (D:4)
  4 blink frogs (Lair:4)
  2 death drake skeletons (Swamp:4)
  2 meliai zombies (D:15)
  7 spriggans
  67 redbacks
  An ettin skeleton (Vaults:3)
  47 tarantellas
  4 wyverns
  4 water elementals (Depths:1)
  2 humans (D:7)
  4 wraiths
  3 steam dragons
  8 fire bats
  38 yaks
  Grum (D:11)
  3 basilisks
  A fire bat (shapeshifter) (D:10)
  13 vampire mosquitoes
  2 elf skeletons (Vaults:3)
  Menkaure (D:4)
  4 acid dragons
  6 wargs
  A swamp worm (shapeshifter) (Vaults:3)
  20 swamp worms
  Duvessa (D:5)
  A hell hound (D:13)
  2 hydra simulacra (Swamp:4)
  16 water moccasins
  26 orc warriors
  A black bear (shapeshifter) (D:13)
  An ice beast (D:7)
  9 swamp drakes
  3 black bears
  4 necrophages
  2 swamp dragon zombies (Swamp:4)
  A sky beast (D:8)
  18 ogres
  A spriggan simulacrum (Depths:1)
  A phantom (D:6)
  36 wolves
  26 centaurs
  A swamp dragon skeleton (Swamp:4)
  A lemure (D:9)
  Blork the orc (D:5)
  8 kobold brigands
  12 bullfrogs
  A gnoll sergeant (D:6)
  Dowan (D:5)
  3 scorpions
  A wyvern skeleton (D:6)
  2 water moccasin skeletons (D:4)
  4 killer bees (D:10)
  5 wights (D:9)
  2 electric eels (Lair:6)
  2 howler monkeys
  2 lava snakes (D:13)
  A bullfrog zombie (D:5)
  5 centaur zombies
  6 jellies
  15 orc priests
  4 centaur skeletons
  A gnoll shaman (Orc:2)
  6 iguanas
  Jessica (D:3)
  Terence (D:3)
  A scorpion zombie (D:5)
  Natasha (thrice) (D:2)
  5 hell rats (Lair:5)
  34 orc wizards
  A killer bee zombie (D:7)
  A hound skeleton (D:4)
  4 mummies (Ossuary)
  A howler monkey zombie (D:10)
  18 gnolls
  8 adders
  6 river rats (Sewer)
  4 shadow imps
  An ufetubus (D:5)
  2 worms
  2 dart slugs
  71 orcs
  3 bats
  9 endoplasms
  5 giant cockroaches
  4 gnoll zombies (Ossuary)
  7 goblins
  8 hobgoblins
  15 jackals
  6 quokkas
  13 ball pythons
  5 frilled lizards
  2 gnoll skeletons (Ossuary)
  5 goblin skeletons (Ossuary)
  A goblin zombie (Ossuary)
  8 hobgoblin skeletons (Ossuary)
  4 hobgoblin zombies (Ossuary)
  47 kobolds
  4 kobold skeletons (Ossuary)
  7 kobold zombies (Ossuary)
  5 orc zombies (Ossuary)
  19 rats
  4 rat skeletons (Ossuary)
  3 rat zombies (Ossuary)
  5 briar patches (Swamp:3)
  A fire vortex (D:13)
1605 creatures vanquished.

Vanquished Creatures (others)
  A fire giant (Depths:3)
  A spriggan druid (Swamp:1)
  5 bloated husks
  A swamp drake (Swamp:2)
  An orc priest (Orc:2)
  A goblin skeleton (Ossuary)
  A hobgoblin skeleton (Ossuary)
  A hobgoblin zombie (Ossuary)
  4 briar patches
  14 demonic plants (Gauntlet)
  2 fire vortices (D:13)
  9 foxfires
  20 fungi
  90 plants
  38 withered plants
189 creatures vanquished.

Grand Total: 1794 creatures vanquished

Notes
Turn   | Place    | Note
-------+----------+-------------------------------------------
     0 | D:1      | grindst0ne the Djinni Gladiator began the quest for the
                  | Orb.
     0 | D:1      | Reached XP level 1. HP: 18/18 MP: 0/0
   263 | D:1      | Reached XP level 2. HP: 19/23 MP: 0/0
  1022 | D:2      | Found a shimmering altar of Xom.
  1030 | D:2      | Reached XP level 3. HP: 20/29 MP: 0/0
  1030 | D:2      | Learned a level 1 spell: Shock
  1158 | D:2      | Noticed Natasha
  1174 | D:2      | Killed Natasha
  1175 | D:2      | Reached XP level 4. HP: 33/34 MP: 0/0
  1239 | D:2      | Noticed Natasha
  1569 | D:2      | Killed Natasha
  1570 | D:2      | Reached XP level 5. HP: 40/40 MP: 0/0
  1570 | D:2      | Learned a level 2 spell: Call Imp
  2023 | D:2      | Noticed Natasha
  2038 | D:2      | Killed Natasha
  2388 | D:3      | Found Jiwaze's Magic Scroll Emporium.
  2440 | D:3      | Reached XP level 6. HP: 32/46 MP: 0/0
  2742 | D:2      | Reached skill level 5 in Dodging
  2962 | D:3      | Bought a scroll of identify for 22 gold pieces
  2962 | D:3      | Bought a scroll of identify for 22 gold pieces
  2962 | D:3      | Bought a scroll of magic mapping for 38 gold pieces
  2963 | D:3      | Identified a scroll of acquirement
  2965 | D:3      | Acquired a manual of Fighting
  3174 | D:3      | Noticed Terence
  3174 | D:3      | Noticed Jessica
  3213 | D:3      | Killed Terence
  3213 | D:3      | Killed Jessica
  3684 | D:4      | Found a bloodstained altar of Trog.
  3697 | D:4      | Reached skill level 1 in Armour
  3697 | D:4      | Reached XP level 7. HP: 33/53 MP: 0/0
  3697 | D:4      | Learned a level 2 spell: Slow
  3952 | D:4      | Noticed Menkaure
  3957 | D:4      | Killed Menkaure
  3958 | D:4      | Reached skill level 5 in Fighting
  3988 | D:4      | Noticed Grinder
  3997 | D:4      | Paralysed by Grinder for 4 turns
  4006 | D:4      | Killed Grinder
  4007 | D:4      | Reached XP level 8. HP: 11/61 MP: 0/0
  4048 | D:4      | Reached skill level 5 in Long Blades
  4049 | D:4      | Found a sand-covered staircase.
  4054 | Ossuary  | Entered an ossuary
  5111 | D:4      | Noticed a +0 spear
  5112 | D:4      | Noticed a +0 dagger
  5113 | D:4      | Noticed a +0 spear
  5114 | D:4      | Noticed a +0 falchion
  5114 | D:4      | Noticed a +0 short sword
  5117 | D:4      | Noticed a +0 short sword
  5117 | D:4      | Noticed a +0 dagger
  5117 | D:4      | Noticed a +0 falchion
  5341 | D:4      | Found a hide-covered altar of Uskayaw.
  6008 | D:5      | Entered Level 5 of the Dungeon
  6269 | D:5      | Noticed Duvessa
  6269 | D:5      | Noticed Dowan
  6309 | D:5      | Killed Duvessa
  6336 | D:5      | Killed Dowan
  6337 | D:5      | Reached XP level 9. HP: 36/68 MP: 0/0
  6337 | D:5      | Learned a level 4 spell: Iskenderun's Mystic Blast
  6877 | D:5      | Noticed Blork the orc
  6884 | D:4      | HP: 2/68 [orc/+2 hand axe of electrocution (20)]
  7153 | D:5      | Killed Blork the orc
  7444 | D:5      | Found Tempot's Magic Scroll Boutique.
  7449 | D:5      | Bought a scroll of identify for 20 gold pieces
  7449 | D:5      | Bought a scroll of identify for 20 gold pieces
  7797 | D:5      | Found a shimmering altar of Xom.
  7825 | D:5      | Found an opulent altar of Gozag.
  7825 | D:5      | Found a glowing silver altar of Zin.
  8034 | D:5      | Became a worshipper of Gozag Ym Sagoz the Greedy
  8223 | D:6      | Identified the +10 dagger "Ashatupp" {flame, Fragile rElec
                  | rF+ Will+}
  8448 | D:6      | Found a hazy altar of Hepliaklqana.
  8479 | D:6      | Found a glowing drain.
  8496 | Sewer    | Entered a sewer
  8627 | Sewer    | Reached skill level 5 in Armour
 10035 | D:6      | Reached XP level 10. HP: 73/78 MP: 0/0
 10353 | D:7      | Found a staircase to the Ecumenical Temple.
 10499 | D:7      | Noticed Maggie
 10537 | D:7      | Killed Maggie
 10547 | D:7      | Reached skill level 10 in Fighting
 10881 | D:7      | Found an iron altar of Okawaru.
 11180 | D:8      | Found Siakoj's Weapon Boutique.
 11477 | D:8      | Noticed Erica
 11490 | D:8      | Killed Erica
 11563 | D:8      | Reached XP level 11. HP: 86/86 MP: 0/0
 11563 | D:8      | Learned a level 5 spell: Hydra Form
 11966 | D:8      | Noticed a two-headed ogre
 11967 | D:8      | Noticed Maurice
 11978 | D:8      | Killed a two-headed ogre
 11979 | D:8      | Reached skill level 1 in Evocations
 11991 | D:8      | Found a broken altar of Ashenzari.
 11995 | D:8      | Killed Maurice
 12406 | D:9      | Noticed a two-headed ogre
 12420 | D:9      | Killed a two-headed ogre
 12788 | D:9      | Found a staircase to the Lair.
 12823 | D:9      | Reached skill level 10 in Dodging
 13970 | D:9      | Found a glowing golden altar of the Shining One.
 13975 | D:9      | Found a basalt altar of Yredelemnul.
 13981 | D:9      | Noticed a profane servitor
 14127 | D:9      | Noticed Pikel
 14145 | D:9      | Killed Pikel
 14301 | D:9      | Found a staircase to the Orcish Mines.
 14694 | D:9      | Noticed an angel
 14804 | D:5      | Bought a scroll of teleportation for 30 gold pieces
 14804 | D:5      | Bought a scroll of teleportation for 30 gold pieces
 14804 | D:5      | Bought a scroll of enchant armour for 75 gold pieces
 14804 | D:5      | Bought a scroll of blinking for 75 gold pieces
 14804 | D:5      | Bought a scroll of enchant weapon for 75 gold pieces
 14804 | D:5      | Bought a scroll of blinking for 75 gold pieces
 14804 | D:5      | Bought a scroll of summoning for 95 gold pieces
 14855 | D:3      | Bought a scroll of enchant weapon for 82 gold pieces
 14855 | D:3      | Bought 2 scrolls of enchant armour for 165 gold pieces
 14993 | D:10     | Entered Level 10 of the Dungeon
 15222 | D:10     | Found a stormy altar of Qazlal.
 15738 | D:10     | Noticed Josephine
 15748 | D:10     | Killed Josephine
 15749 | D:10     | Reached XP level 12. HP: 64/95 MP: 0/0
 16472 | D:10     | HP: 4/96 [komodo dragon (24)]
 17477 | D:10     | Noticed a two-headed ogre
 17482 | D:10     | Killed a two-headed ogre
 18015 | D:11     | Reached skill level 5 in Evocations
 18692 | D:11     | Noticed Grum
 18712 | D:11     | Killed Grum
 18713 | D:11     | Reached skill level 1 in Shields
 18795 | D:11     | Found a faded altar of an unknown god.
 18795 | D:11     | Found a faded altar of an unknown god.
 18795 | D:11     | Found a hazy altar of Hepliaklqana.
 18797 | D:11     | Found a faded altar of an unknown god.
 18979 | D:11     | Found a portal to a secret trove of treasure.
 19076 | Lair:1   | Entered Level 1 of the Lair of Beasts
 19141 | D:9      | Reached skill level 2 in Shields
 19245 | Lair:1   | Noticed a spriggan rider
 19364 | Lair:1   | Reached skill level 3 in Shields
 19539 | Lair:1   | Reached XP level 13. HP: 81/103 MP: 0/0
 19539 | Lair:1   | Learned a level 5 spell: Lightning Bolt
 19805 | Lair:1   | Reached skill level 4 in Shields
 20316 | Lair:2   | Identified the Tome of the Unstable Snowflakes
 20385 | Lair:2   | Noticed a six-headed hydra
 20397 | Lair:2   | Killed a six-headed hydra
 20472 | Lair:2   | Reached skill level 5 in Shields
 20666 | Lair:2   | Reached skill level 10 in Long Blades
 20678 | Lair:2   | Reached skill level 10 in Armour
 21142 | Lair:3   | Found a staircase to the Swamp.
 21399 | Lair:3   | Found a gate leading to a gauntlet.
 21409 | Gauntlet | Entered a Gauntlet
 21409 | Gauntlet | Found a transporter.
 21409 | Gauntlet | Found a transporter.
 21418 | Gauntlet | Found a transporter.
 21428 | Gauntlet | Found a transporter.
 21443 | Gauntlet | Found a transporter.
 21453 | Gauntlet | Found a transporter.
 21468 | Gauntlet | Found a transporter.
 21470 | Gauntlet | Found a large runed translucent door.
 21471 | Gauntlet | Found a large runed translucent door.
 21472 | Gauntlet | Found a large runed translucent door.
 21472 | Gauntlet | Found a large runed translucent door.
 21473 | Gauntlet | Found a runed translucent gate.
 21474 | Gauntlet | Found a large runed translucent door.
 21474 | Gauntlet | Found a large runed translucent door.
 21474 | Gauntlet | Found a runed translucent door.
 21475 | Gauntlet | Found a large runed translucent door.
 21476 | Gauntlet | Found a transporter.
 21476 | Gauntlet | Found a runed translucent gate.
 21477 | Gauntlet | Found a runed translucent gate.
 21478 | Gauntlet | Found a large runed translucent door.
 21479 | Gauntlet | Found a large runed translucent door.
 21480 | Gauntlet | Found a large runed translucent door.
 21490 | Gauntlet | Found a transporter.
 21491 | Gauntlet | Found a large runed translucent door.
 21492 | Gauntlet | Found a large runed translucent door.
 21492 | Gauntlet | Found a large runed translucent door.
 21492 | Gauntlet | Found a runed translucent door.
 21493 | Gauntlet | Found a large runed translucent door.
 21494 | Gauntlet | Found a large runed translucent door.
 21496 | Gauntlet | Found a transporter.
 21500 | Gauntlet | Found a transporter.
 21500 | Gauntlet | Found a transporter.
 21503 | Gauntlet | Found a large runed translucent door.
 21967 | Gauntlet | Noticed a minotaur
 21991 | Gauntlet | Killed a minotaur
 22083 | Gauntlet | Identified the +5 robe of Zin's Vengeance {rPois rC- Str+7
                  | Stlth-}
 22087 | Gauntlet | Identified the +1 robe of Mehewn {Regen+}
 22087 | Gauntlet | Identified the Almanac of Poisoning and Curses
 22117 | Lair:3   | Noticed a six-headed hydra
 22130 | Lair:3   | Killed a six-headed hydra
 22131 | Lair:3   | Reached skill level 1 in Axes
 22131 | Lair:3   | Reached XP level 14. HP: 92/112 MP: 0/0
 23265 | Lair:4   | Reached skill level 5 in Axes
 23265 | Lair:4   | Found a hole to the Spider Nest.
 23789 | Lair:4   | Identified the ring of the Griffon {rCorr Int+3}
 25170 | Lair:6   | Entered Level 6 of the Lair of Beasts
 25171 | Lair:6   | Found a staircase to the Slime Pits.
 25848 | Lair:6   | Reached XP level 15. HP: 78/117 MP: 0/0
 25848 | Lair:6   | Learned a level 6 spell: Blade Hands
 26980 | Orc:1    | Entered Level 1 of the Orcish Mines
 27269 | Orc:1    | Reached skill level 10 in Axes
 27446 | Orc:2    | Entered Level 2 of the Orcish Mines
 27732 | Orc:2    | Noticed an orc warlord
 27981 | Orc:2    | Killed an orc warlord
 28135 | Orc:2    | Found Deemunay's Antique Armour Emporium.
 28207 | Orc:2    | Found Buiwnisem's Antique Armour Shoppe.
 28400 | Orc:2    | Found Ceuqucitti's Jewellery Emporium.
 28416 | Orc:2    | Found Estracigh's General Store.
 28712 | Orc:2    | Found a staircase to the Elven Halls.
 28831 | Orc:2    | Found Qanuleu's Antique Weapon Emporium.
 28983 | Orc:2    | Bought an embroidered cloak for 202 gold pieces
 28983 | Orc:2    | Bought an embroidered cloak for 202 gold pieces
 29025 | Orc:2    | Bought a steaming tower shield for 266 gold pieces
 29025 | Orc:2    | Identified the +0 tower shield "Rusi" {SInv} (You bought it
                  | in a shop on level 2 of the Orcish Mines)
 29025 | Orc:2    | Bought a heavily runed scale mail for 252 gold pieces
 29025 | Orc:2    | Identified the +1 scale mail of the Bull {Str+8} (You
                  | bought it in a shop on level 2 of the Orcish Mines)
 29078 | Orc:2    | Bought shiny fire dragon scales for 1764 gold pieces
 29520 | D:12     | You are sucked into a shaft and drop 3 floors!
 29520 | D:15     | Entered Level 15 of the Dungeon
 29997 | D:12     | Identified the -2 helmet of the Hills {Harm *Corrode
                  | Regen+}
 30080 | D:12     | Found Piden's Book Emporium.
 30427 | D:13     | Reached XP level 16. HP: 123/123 MP: 0/0
 31442 | D:13     | Found a gate to the Vaults.
 32323 | D:14     | Found Liys Vem's Weapon Boutique.
 32329 | D:14     | Found Kunouss's Magic Scroll Shop.
 32339 | D:14     | Bought a scroll of magic mapping for 38 gold pieces
 32339 | D:14     | Bought a scroll of enchant armour for 82 gold pieces
 32339 | D:14     | Bought a scroll of identify for 22 gold pieces
 32339 | D:14     | Bought a scroll of fear for 38 gold pieces
 32339 | D:14     | Bought a scroll of teleportation for 33 gold pieces
 32339 | D:14     | Bought a scroll of blinking for 82 gold pieces
 33404 | D:15     | Found a staircase to the Depths.
 33820 | Swamp:1  | Entered Level 1 of the Swamp
 34049 | Swamp:1  | Reached XP level 17. HP: 92/129 MP: 0/0
 34049 | Swamp:1  | Learned a level 6 spell: Starburst
 34148 | Swamp:1  | Reached skill level 15 in Axes
 34260 | Swamp:1  | Identified the ring "Anuurghe" {rPois Will+ Str+4 Int+6
                  | Stlth+}
 35023 | Swamp:2  | Identified the amulet "Uchuic" {rC+ rN+ Regen+ Stlth-}
 36606 | Swamp:3  | Noticed a thorn hunter
 36620 | Swamp:3  | Killed a thorn hunter
 36834 | Swamp:4  | Entered Level 4 of the Swamp
 36946 | Swamp:4  | Reached XP level 18. HP: 128/135 MP: 0/0
 38194 | Swamp:4  | Found a shimmering altar of Xom.
 38587 | Swamp:4  | Identified the +2 helmet of Gicinny {rN++}
 39310 | Swamp:4  | Reached skill level 6 in Shields
 39345 | Swamp:4  | Found a basalt altar of Yredelemnul.
 39362 | Swamp:4  | Got a decaying rune of Zot
 39428 | Swamp:4  | Found a blossoming altar of Fedhas.
 39478 | Swamp:4  | Upgraded the game from 0.27-a0-1228-gfd60fd639a to
                  | 0.27-a0-1232-gc6a4cbde82
 39837 | Spider:1 | Entered Level 1 of the Spider Nest
 39925 | Spider:1 | Reached skill level 7 in Shields
 40133 | Spider:1 | Noticed Jorgrun
 40161 | Spider:1 | Killed Jorgrun
 40170 | Spider:1 | Reached skill level 8 in Shields
 40931 | Spider:2 | Reached skill level 9 in Shields
 41209 | Spider:2 | Reached XP level 19. HP: 137/140 MP: 0/0
 41209 | Spider:2 | Learned a level 7 spell: Monstrous Menagerie
 41685 | Spider:2 | Reached skill level 10 in Shields
 42578 | Spider:3 | Reached skill level 11 in Shields
 42885 | Spider:4 | Entered Level 4 of the Spider Nest
 43364 | Spider:4 | Reached skill level 12 in Shields
 43948 | Spider:4 | Reached skill level 13 in Shields
 44579 | Spider:4 | Reached skill level 14 in Shields
 44688 | Spider:4 | Got a gossamer rune of Zot
 45020 | Vaults:1 | Entered Level 1 of the Vaults
 45078 | Vaults:1 | Reached XP level 20. HP: 99/147 MP: 0/0
 45388 | Vaults:1 | Reached skill level 15 in Shields
 45890 | Vaults:1 | Found a gateway to a bazaar.
 46008 | Vaults:1 | Reached skill level 16 in Shields
 46457 | Vaults:1 | Found Boerer's Jewellery Emporium.
 46725 | Vaults:1 | Found a runed translucent door.
 46725 | Vaults:1 | Noticed Onuingi's ghost (adept DrWn)
 46779 | Vaults:2 | Reached skill level 17 in Shields
 47082 | Vaults:2 | Reached XP level 21. HP: 127/152 MP: 0/0
 47082 | Vaults:2 | Learned a level 8 spell: Ignition
 47592 | Vaults:2 | Reached skill level 18 in Shields
 48665 | Vaults:3 | Reached skill level 19 in Shields
 49736 | Vaults:3 | Reached XP level 22. HP: 134/158 MP: 0/0
 49921 | Vaults:3 | Reached skill level 20 in Shields
 49986 | Vaults:3 | Found a staircase to the Crypt.
 50204 | Vaults:4 | Noticed Jory
 50224 | Vaults:4 | Killed Jory
 51703 | Vaults:4 | Identified the +0 plate armour of Sin {Contam Harm Fly rF-}
 51768 | Vaults:4 | Reached skill level 15 in Fighting
 52457 | Depths:1 | Entered Level 1 of the Depths
 52697 | Depths:1 | Reached XP level 23. HP: 166/166 MP: 0/0
 52697 | Depths:1 | Learned a level 7 spell: Summon Hydra
 52781 | Depths:1 | Found a stormy altar of Qazlal.
 53362 | Depths:1 | Found a one-way gate to the infinite horrors of the Abyss.
 53531 | Depths:1 | Found a gateway to Hell.
 53882 | Depths:1 | Identified the ring of Sohario {Will+ Str+2}
 54041 | Depths:2 | You are sucked into a shaft and drop 1 floor!
 54395 | Depths:3 | Paralysed by a floating eye for 3 turns
 54398 | Depths:3 | HP: 4/168 [hell knight/+2 demon trident (14)]
 54398 | Depths:3 | Mangled by a hell knight

Illustrated notes

Levels and vault maps discovered:
D:1:      dpeg_arrival_connections, layout_loops_ring, st_stairs_3,
          minmay_misc_feat_doors, minmay_misc_feat_secret_circle
D:2:      layout_basic, basic_altar, uniq_natasha
D:3:      layout_basic, serial_shops, nicolae_shop_stone, uniq_terence,
          uniq_jessica
D:4:      layout_gridville, nicolae_uskayaw_en_pointe,
          trog_three_pillars_becter, nicolae_ossuary_entry_false_entrances,
          uniq_grinder, uniq_menkaure
D:5:      layout_cave_pools, xom_butterflies,
          grunt_temple_overflow_gold_and_silver, serial_shops, shop,
          serial_co_window_serial, co_window_paths_b, co_window_paths_b,
          co_window_of_opportunity_a, co_window_corner_a, co_window_corner_a,
          co_window_of_opportunity_a, co_window_paths_b, co_window_broadway_b,
          co_window_corner_ca, co_window_cross_2, co_window_broadway_b,
          glass_columns_a, glass_columns_c, glass_columns_a, uniq_blork_the_orc,
          uniq_duvessa
D:6:      layout_loops_cross, amcnicky_altar_gilded, lemuel_blue_sif_altar,
          portal_sewer_entry_f, serial_bayou_pond_c
D:7:      layout_basic, okawaru_humans, minmay_temple_entry_glassed_door,
          grunt_ministairs_13, uniq_maggie
D:8:      layout_basic, ashenzari_conservatory_becter, serial_shops,
          nicolae_shop_crystal, grunt_ministairs_10, uniq_erica, uniq_maurice
D:9:      layout_stronghold, grunt_temple_overflow_holy_war,
          erik_lair_orcish_takeover, erik_orc_1, eino_tiny_chamber, uniq_pikel
D:10:     mumra_celtic_spiral_tile, layout_rooms, kennysheep_mini,
          kennysheep_small_square, uniq_josephine
D:11:     layout_rooms, enter_trove_6, nicolae_hepliaklqana_ecumenical_no_more,
          uniq_grum
D:12:     layout_basic, serial_shops, nicolae_shop_stone
D:13:     layout_layer_cave, lightli_vaults_fourway_checkpoint,
          hangedman_incinerator
D:14:     layout_loops_ring, serial_shops, shop, nicolae_shop_trees,
          hangedman_decor_opposing
D:15:     grunt_enter_depths_magical_seal, layout_irregular_city,
          serial_co_window_serial, co_window_corner_a, co_window_corner_a,
          co_window_cross_1, co_window_paths_a, co_window_paths_b,
          co_window_corner_b, co_window_broadway_a, co_window_paths_c,
          co_window_4corner_b
Lair:1:   layout_regular_city, grunt_forest_large_clearings
Lair:2:   layout_chaotic_city, grunt_megastairs_2
Lair:3:   layout_gridlike, swamp_mist, gauntlet_entry_generic
Lair:4:   layout_regular_city, spider_nest_entry_webs,
          grunt_forest_small_clearing_treed
Lair:5:   layout_cave_pods
Lair:6:   guppyfry_lair_end_dragon, layout_gridlike,
          nicolae_slime_entry_slimehenge, minmay_stone_trees_medium
Swamp:1:  nicolae_swamp_long_stream, layout_basic_swamp,
          nicolae_swamp_little_swirl
Swamp:2:  layout_basic_swamp, evilmike_swamp_ruin_house_6, swamp_pool5,
          st_shrine_of_shade
Swamp:3:  layout_basic_swamp, serial_swamp_ruin, evilmike_swamp_ruin_house_5,
          evilmike_swamp_ruin_house_1, swamp_pool2
Swamp:4:  byrel_swamp_growth_death_and_undeath, layout_basic_swamp,
          nicolae_swamp_godswood, infiniplex_staircase_pool_2
Spider:1: layout_spider_delve, drop_trap, nicolae_spider_spiderdrome,
          uniq_jorgrun
Spider:2: layout_chambers
Spider:3: layout_spider_delve
Spider:4: spider_rune_water
Orc:1:    layout_diamond_mine
Orc:2:    grunt_orc_cross, layout_caves, serial_shops, shop,
          nicolae_orc_pool_cavern, mines4_lemuel
Vaults:1: ebering_vaults_ghost_inner_flame, vaults_mumra_minichess_inversion,
          nicolae_vaults_ring_of_whatevers, ontoclasm_vaults_pinch,
          nicolae_vaults_murderbox, v_rooms_2, ontoclasm_vaults_claustrophobia,
          vaults_mumra_minichess, nicolae_vaults_back_hallway, v_misc_24,
          nicolae_vaults_network_periphery, ontoclasm_vaults_twist, v_misc_29,
          layout_vaults_maze_bifur, serial_shops, bzr_entry_water, shop
Vaults:2: hangedman_vaults_restitches, nicolae_vaults_network_quinsquares
          [nicolae_vaults_network_quincunx_subvault,
          nicolae_vaults_network_quincunx_subvault,
          nicolae_vaults_network_quincunx_subvault,
          nicolae_vaults_network_quincunx_subvault], v_pattern_1,
          ontoclasm_vaults_gateway, kb_rosetta,
          vaults_standard_mumra_enter_the_diamond,
          nicolae_vaults_network_square, nicolae_vaults_angled_halls,
          v_alt_pattern_6, nicolae_vaults_little_squares_2,
          layout_vaults_omnicross
Vaults:3: hangedman_vaults_river_flow, nicolae_vaults_network_star, v_misc_27,
          minmay_crypt_entry_skeletal_spiral, grunt_vaults_focal,
          nicolae_vaults_mini_display_case, v_misc_28, v_misc_11,
          vaults_mumra_bighexcomb, hangedman_vaults_stretched_pinwheel,
          ontoclasm_vaults_loading_screen, hangedman_vaults_corner_blocks,
          layout_vaults_omnibox
Vaults:4: v_rooms_6, nicolae_vaults_ninety_degrees,
          hangedman_vaults_corner_blocks, v_misc_5, hangedman_vaults_snaps,
          layout_vaults_omnigrid, uniq_jory
Depths:1: layout_forbidden_donut, abyss_entry, hellmouth_2,
          minmay_parallelograms, chequers_big_river, grunt_ministairs_6,
          grunt_qazlal_sundering
Depths:2: minmay_the_grid_four_pointed_star
          [minmay_the_grid_triangle_9x9_limited_checkers,
          minmay_the_grid_triangle_9x9_sparse_checkered,
          minmay_the_grid_triangle_9x9_zippers_horizontal,
          minmay_the_grid_triangle_9x9_alien, minmay_the_grid_prize_big_room],
          layout_cave_pools, hellmouth_1, rand_demon_pan_entry_7,
          wad_floor_pattern_untrapped
Depths:3: minmay_tri_box, layout_cave_pools, pan_entry, hell_entry, abyss_entry,
          minmay_staircase_statues

Skill      XL: |  1  2  3  4  5  6  7  8  9 10 11 12 13 14 15 16 17 18 19 20 21 22 23 |
---------------+----------------------------------------------------------------------+-----
Long Blades    | 3 4 5 6 7 8 9 10 | 10.8
Dodging        | 4 5 6 8 9 10 11 13 | 13.8
Fighting       | 3 4 5 7 9 10 12 13 14 15 | 15.8
Armour         | 1 2 4 5 7 8 9 10 11 12 13 | 13.4
Evocations     | 4 5 6 |  6.0
Shields        | 3 5 9 14 17 19 20 | 20.0
Axes           | 1 9 12 14 17 18 | 18.0
Throwing       | |  1.5

Action                   |  1- 3 |  4- 6 |  7- 9 | 10-12 | 13-15 | 16-18 | 19-21 | 22-24 || total
-------------------------+-------+-------+-------+-------+-------+-------+-------+-------++-------
Melee: Long sword        |    48 |   196 |   229 |       |       |       |       |       ||   473
       Dagger            |       |       |   460 |   974 |  1222 |       |       |       ||  2656
       Broad axe         |       |       |       |       |   489 |  1296 |  1737 |  1128 ||  4650
       Scimitar          |       |       |       |       |       |    69 |       |       ||    69
Throw: Stone             |    11 |       |     2 |       |       |       |       |       ||    13
       Throwing net      |     1 |       |     5 |     3 |       |       |       |       ||     9
       Dart              |     3 |    29 |     4 |    16 |    12 |       |       |       ||    64
Invok: Potion Petition   |       |       |       |       |       |     1 |       |     2 ||     3
Evoke: Wand              |       |       |    12 |     1 |    38 |    37 |     8 |     2 ||    98
       Piece from Xom's  |       |       |       |       |     1 |     3 |       |       ||     4
       Box of beasts     |       |       |       |       |     1 |     1 |       |       ||     2
  Use: Scroll            |       |     6 |     7 |     6 |     6 |    15 |     2 |     5 ||    47
       Potion            |       |       |     6 |     3 |     7 |     8 |       |     6 ||    30
 Stab: Held in net/web   |       |       |     1 |     4 |       |       |       |       ||     5
       Distracted        |       |       |       |     4 |     7 |     8 |     8 |     4 ||    31
       Sleeping          |       |       |       |     1 |     8 |       |       |       ||     9
       Paralysed         |       |       |       |       |     4 |       |       |       ||     4
Armor: Ring mail         |    30 |    44 |       |       |       |       |       |       ||    74
       Leather armour    |     1 |       |       |       |       |       |       |       ||     1
       Chain mail        |       |    24 |   371 |    39 |       |       |       |       ||   434
       Acid dragon scale |       |       |       |   312 |   384 |       |       |       ||   696
       Scale mail        |       |       |       |       |    95 |   570 |    57 |       ||   722
       Ice dragon scales |       |       |       |       |       |       |   369 |   158 ||   527
Dodge: Dodged            |    29 |   138 |   252 |   796 |  1024 |   802 |   520 |   193 ||  3754
Block: Buckler           |       |       |       |    58 |   352 |   384 |   343 |       ||  1137
       Tower shield      |       |       |       |       |       |       |   419 |   777 ||  1196
       Rpst.: Long sword |    10 |    39 |    16 |       |       |       |       |       ||    65
       Scimitar          |       |       |       |       |       |    10 |       |       ||    10

Table legend: (Time is in decaauts)
 A = Elapsed time spent in this place.
 B = Non-inter-level travel time spent in this place.
 C = Inter-level travel time spent in this place.
 D = Time resting spent in this place.
 E = Time spent auto-exploring this place.
 F = Levels seen in this place.
 G = Mean time per level.
                   A        B        C        D        E       F      G
               +--------+--------+--------+--------+--------+-----+--------+
         Total |  51663 |  49299 |   2364 |   7503 |  26750 |  41 | 1260.1 |
       Dungeon |  21925 |  20733 |   1192 |   3429 |  12306 |  15 | 1461.7 |
          Lair |   6864 |   6364 |    500 |    302 |   3780 |   6 | 1144.0 |
         Swamp |   5549 |   5383 |    166 |   1818 |   1974 |   4 | 1387.2 |
   Spider Nest |   4584 |   4456 |    128 |    511 |   2425 |   4 | 1146.0 |
  Orcish Mines |   2128 |   2005 |    123 |     67 |   1179 |   2 | 1064.0 |
        Vaults |   6593 |   6377 |    216 |    623 |   3729 |   4 | 1648.2 |
        Depths |   1710 |   1673 |     37 |    342 |    541 |   3 |  570.0 |
         Sewer |    721 |    721 |      0 |      0 |    491 |   1 |  721.0 |
       Ossuary |    942 |    942 |      0 |    356 |    174 |   1 |  942.0 |
      Gauntlet |    642 |    642 |      0 |     54 |    151 |   1 |  642.0 |
               +--------+--------+--------+--------+--------+-----+--------+

Top non-repeatable levels by time:
    D:10: 2911 daAuts
     D:9: 2304 daAuts
Vaults:4: 1991 daAuts
     D:5: 1818 daAuts
 Swamp:4: 1737 daAuts
Spider:4: 1671 daAuts
 Swamp:3: 1660 daAuts
Vaults:2: 1642 daAuts
     D:2: 1631 daAuts
     D:4: 1605 daAuts
    D:13: 1571 daAuts
   Orc:2: 1563 daAuts
Vaults:1: 1535 daAuts
     D:8: 1528 daAuts
Vaults:3: 1424 daAuts
